 Dungeon Crawl Stone Soup version 0.29.1-12-g30fa7ad0bf (webtiles) character file.

Game seed: 12309798434235495613

1727 Groucho the Ducker (level 8, -11/36 HPs)
             Began as a Spriggan Earth Elementalist on Dec 28, 2022.
             Was an Initiate of Vehumet.
             Shot with an arrow by a centaur (15 damage)
             ... on level 7 of the Dungeon on Jan 4, 2023.
             The game lasted 00:21:20 (14133 turns).

Groucho the Ducker (Spriggan Earth Elementalist)   Turns: 14133, Time: 00:21:20

Health: -11/36     AC:  2    Str:  4    XL:     8   Next: 75%
Magic:  18/18      EV: 20    Int: 19    God:    Vehumet [......]
Gold:   502        SH:  0    Dex: 15    Spells: 13/19 levels left

rFire   . . .      SeeInvis +   p - +2 spear (venom)
rCold   . . .      Faith    .   (no shield)
rNeg    . . .      Spirit   .   a - +0 robe
rPois   .          Reflect  .   (helmet restricted)
rElec   .          Harm     .   (no cloak)
rCorr   .          Rampage  .   (gloves unavailable)
Will    +....                   (boots unavailable)
Stlth   ++........              (no amulet)
HPRegen 0.12/turn               (no ring)
MPRegen 0.16/turn               (no ring)

@: brilliant, very quick
A: very small, no large weapons, unfitting armour, see invisible, speed 3
a: Renounce Religion


You were on level 7 of the Dungeon.
You worshipped Vehumet.
Vehumet was noncommittal.
You visited 2 branches of the dungeon, and saw 8 of its levels.

You collected 502 gold pieces.

Inventory:

Hand Weapons
 p - a +2 spear of venom (weapon)
Armour
 a - a +0 robe (worn)
Jewellery
 c - a ring of resist corrosion
 r - a ring of fire
Scrolls
 g - a scroll of enchant weapon
 h - a scroll of amnesia {unknown}
 i - 2 scrolls of poison
 j - 3 scrolls of noise {unknown}
 k - 2 scrolls of enchant armour {unknown}
 m - 4 scrolls of teleportation {unknown}
 o - 3 scrolls of identify
 q - 4 scrolls of immolation {unknown}
 s - a scroll of vulnerability {unknown}
 t - 2 scrolls of brand weapon {unknown}
 v - a scroll of summoning {unknown}
Potions
 b - a potion of magic
 d - a potion of attraction
 e - 2 potions of cancellation
 f - 3 potions of curing
 l - a potion of invisibility
 n - a potion of degeneration
 u - a potion of brilliance
 w - a potion of berserk rage {unknown}


   Skills:
 + Level 6.3 Dodging
 - Level 3.0 Stealth
 + Level 6.0 Spellcasting
 * Level 3.7 Conjurations
 + Level 5.9 Transmutations
 * Level 6.3 Earth Magic


You had 13 spell levels left.
You knew the following spells:

 Your Spells              Type           Power      Damage    Failure   Level
a - Sandblast             Erth           88%        2d18      1%          1
b - Passwall              Tmut/Erth      35%        N/A       1%          2
c - Stone Arrow           Conj/Erth      74%        3d11      4%          3

Your spell library contained the following spells:

 Spells                   Type           Power      Damage    Failure   Level
 Petrify                  Tmut/Erth      43%        N/A       9%          4
 Ignite Poison            Fire/Tmut/Pois 19%        N/A       16%         3
 Blink                    Tloc           16%        N/A       17%         2
 Mephitic Cloud           Conj/Pois/Air  15%        N/A       21%         3
 Blade Hands              Tmut           21%        N/A       26%         5
 Portal Projectile        Hex/Tloc       16%        N/A       32%         3
 Tukima's Dance           Hex            8%         N/A       32%         3
 Freezing Cloud           Conj/Ice/Air   7%         6-21      88%         5
 Manifold Assault         Tloc           8%         N/A       97%         5
 Storm Form               Tmut/Air       12%        N/A       100%        7


Dungeon Overview and Level Annotations

Branches:
Dungeon (7/15)             Temple (1/1) D:4

Altars:
Ashenzari
Cheibriados
Dithmenos
Gozag
Hepliaklqana
Kikubaaqudgha
Makhleb
Okawaru
Qazlal
Ru
Sif Muna
Trog
Vehumet
Xom
Yredelemnul
The Shining One

Shops:
D:2 (


Innate Abilities, Weirdness & Mutations

You are very small and have problems with some larger weapons.
You are too small for most types of armour.
You have supernaturally acute eyesight. (SInv)
You cover ground extremely quickly. (Speed+++)


Message History

No target in view!
An orc comes into view. It is wielding a +0 whip.
The orc shouts!
You hit the orc.
The orc is poisoned.
Your punch misses the orc.
The orc is moderately wounded.
The orc misses you.
You hit the orc but do no damage.
The orc looks even sicker.
The orc is moderately wounded.
The orc completely misses you.
You hit the orc.
You kill the orc!
Vehumet accepts your kill.
Your Spellcasting skill increases to level 6!
A bullfrog comes into view.
A bullfrog is nearby!
No target in view!
No target in view!
No target in view!
No target in view!
A centaur comes into view.
A centaur is nearby!
The centaur wields a +0 shortbow.
The centaur shoots an arrow.
The arrow hits you!
You are too injured to fight recklessly!
You are too injured to fight recklessly!
You are too injured to fight recklessly!
You are too injured to fight recklessly!
You are too injured to fight recklessly!
A centaur is nearby!
A centaur is nearby!
The centaur shoots an arrow.
The arrow closely misses you.
You hear a croak.
You see here 18 gold pieces.
The centaur shoots an arrow.
The arrow hits you!
* * * LOW HITPOINT WARNING * * *
It was a potion of brilliance.
You feel clever all of a sudden.
The centaur shoots an arrow.
The arrow closely misses you.
The centaur shoots an arrow.
The arrow hits you!
You die...

## #.#
#.#########
....F#......)).#
#c.@$...<#
##.[######
.....# ####...
..## ##. #. #.


You could see a bullfrog and a centaur.

Vanquished Creatures
  A black bear (D:5)
  2 ice beasts (D:5)
  A sky beast (D:6)
  A centaur (D:6)
  A phantom (D:4)
  A necrophage (D:4)
  7 scorpions
  2 bullfrogs
  A howler monkey (D:4)
  2 hounds
  2 orc priests (D:6)
  Crazy Yiuf (D:2)
  A jelly (D:4)
  2 iguanas
  4 orc wizards
  Natasha (D:2)
  A gnoll (D:2)
  9 adders
  An ufetubus (D:4)
  2 worms
  14 orcs
  8 endoplasms
  3 giant cockroaches
  7 hobgoblins
  10 jackals
  13 kobolds
  5 quokkas
  7 ball pythons
  7 bats
  4 frilled lizards
  11 goblins
  4 rats
136 creatures vanquished.

Notes
Turn   | Place    | Note
-------+----------+-------------------------------------------
     0 | D:1      | Groucho the Spriggan Earth Elementalist began the quest for
                  | the Orb.
     0 | D:1      | Reached XP level 1. HP: 9/9 MP: 5/5
   537 | D:1      | Reached XP level 2. HP: 9/13 MP: 0/6
   961 | D:1      | Found a faded altar of an unknown god.
  2377 | D:1      | Reached XP level 3. HP: 16/16 MP: 5/8
  2713 | D:2      | Learned a level 2 spell: Passwall
  2717 | D:2      | Learned a level 3 spell: Stone Arrow
  3257 | D:2      | Reached XP level 4. HP: 14/21 MP: 3/10
  3846 | D:2      | Found Zeanes's Weapon Shoppe.
  4390 | D:2      | Found a runed translucent door.
  4391 | D:2      | Noticed Crazy Yiuf
  4420 | D:2      | Killed Crazy Yiuf
  4763 | D:2      | Found a broken altar of Ashenzari.
  5509 | D:2      | Noticed Natasha
  5513 | D:2      | Killed Natasha
  5514 | D:2      | Reached XP level 5. HP: 21/24 MP: 11/11
  7220 | D:4      | Reached XP level 6. HP: 28/28 MP: 9/13
  7330 | D:4      | Reached skill level 1 in Conjurations
  8187 | D:4      | Found a staircase to the Ecumenical Temple.
  8256 | Temple   | Entered the Ecumenical Temple
  8256 | Temple   | Found a transporter.
  8256 | Temple   | Found a transporter.
  8258 | Temple   | Found a transporter.
  8258 | Temple   | Found a transporter.
  8412 | D:4      | Reached XP level 7. HP: 32/32 MP: 10/14
  9060 | D:4      | Reached skill level 5 in Earth Magic
  9167 | D:4      | Reached skill level 5 in Dodging
  9412 | D:5      | Entered Level 5 of the Dungeon
  9416 | D:5      | Found a basalt altar of Yredelemnul.
  9611 | D:5      | Reached skill level 5 in Spellcasting
 10138 | D:5      | Found a hazy altar of Hepliaklqana.
 10292 | D:5      | Found a shimmering blue altar of Sif Muna.
 10305 | D:5      | Found an ancient bone altar of Kikubaaqudgha.
 10316 | D:5      | Found a radiant altar of Vehumet.
 10323 | D:5      | Became a worshipper of Vehumet
 11046 | D:5      | Reached skill level 5 in Transmutations
 11046 | D:5      | Reached XP level 8. HP: 36/36 MP: 12/16
 11878 | D:5      | Found a shimmering altar of Xom.
 13689 | D:6      | Identified the +6 morningstar of Diet Blood {chaos, rF+}
 14133 | D:7      | Shot with an arrow by a centaur

Illustrated notes

Levels and vault maps discovered:
D:1:      kilobyte_arrival_exit_the_forest, layout_basic,
          ebering_ecumenical_altar_hall
D:2:      cheibrodos_helix_gallery, layout_basic, serial_shops,
          nicolae_shop_bloodbath_and_beyond, basic_altar, minmay_circle_x,
          uniq_natasha, uniq_crazy_yiuf_cottage
D:3:      layout_basic, mainiacjoe_overflow_six_doors_small
D:4:      layout_layer_cave, minmay_temple_entry_glass,
          cheibrodos_sewer_entry_bend
D:5:      layout_loops_ring, palyth_temple_overflow_mages,
          mainiacjoe_overflow_alcove_1, mainiacjoe_overflow_catwalk,
          nicolae_overflow_hidden_temple
D:6:      layout_basic, kennysheep_donut, nicolae_fountain_basement
D:7:      layout_basic, elyvilon_altar_3, eat_drink_and_be_merry_uskayaw,
          nicolae_ossuary_entry_giza, uniq_menkaure
Temple:   hellmonk_temple_divided_pantheon

Skill      XL: |  1  2  3  4  5  6  7  8 |
---------------+-------------------------+-----
Dodging        | 3 4 5 6 |  6.3
Earth Magic    | 3 4 5 6 |  6.3
Spellcasting   | 3 4 5 6 |  6.0
Transmutations | 2 3 4 5 |  5.9
Conjurations   | 1 2 3 |  3.7
Stealth        | |  3.0

Action                   |  1- 3 |  4- 6 |  7- 9 || total
-------------------------+-------+-------+-------++-------
Melee: Spear             |    32 |    62 |    84 ||   178
       Punch             |       |       |     1 ||     1
 Cast: Sandblast         |    50 |    55 |    56 ||   161
       Stone Arrow       |       |       |     9 ||     9
  Use: Potion            |     2 |       |     3 ||     5
       Scroll            |       |       |     5 ||     5
 Stab: Sleeping          |     1 |     3 |     7 ||    11
       Distracted        |     1 |     1 |       ||     2
Armor: Robe              |     4 |     2 |     7 ||    13
Dodge: Dodged            |    42 |    53 |    75 ||   170
